Map: Triton LE

Players

DPGPartinG (PartinG)

  • Race: Protoss Protoss
  • League: Grandmaster
  • Spawn Location: 5:00

Zest - Winner!

  • Race: Protoss Protoss
  • League: Master
  • Spawn Location: 11:00

VOD

Have the link to the VOD?

Description

Time

  • Played on: Jan. 7, 2020, 8:28 p.m.
  • Length: 11:59
Show
View Real Time Build Order
Export as new Build Order

DPGPartinG Protoss 

Build Orders: Phoenix Opening 

Get SALT Encoding   

  12  0:00  Probe  
  13  0:12  Probe  
  14  0:17  Pylon  
  14  0:24  Probe (Chrono Boost)  
  15  0:37  Probe (Chrono Boost)  
  15  0:38  Gateway  
  16  0:45  Probe (Chrono Boost)  
  16  0:46  Assimilator  
  17  0:51  Probe  
  17  0:54  Assimilator  
  18  1:03  Probe (Chrono Boost)  
  19  1:07  Gateway  
  19  1:12  Probe (Chrono Boost)  
  19  1:17  Probe (Chrono Boost)  
  20  1:25  Cybernetics Core  
  21  1:29  Probe  
  22  1:33  Pylon  
  22  1:41  Probe  
  23  1:54  Probe  
  24  2:01  Stalker  
  24  2:02  Warp Gate  
  24  2:06  Sentry  
  29  2:12  Pylon  
  28  2:23  Shield Battery  
  28  2:35  Nexus  
  28  2:37  Sentry  
  28  2:41  Stalker  
  31  2:44  Phoenix, Probe  
  32  2:51  Shield Battery  
  32  2:57  Probe  
  33  3:06  Shield Battery  
  33  3:11  Robotics Facility  
  33  3:15  Probe  
  34  3:27  Probe  
  34  3:29  Pylon  
  35  3:39  Probe (Chrono Boost)  
  36  3:42  Gateway  
  37  3:49  Probe (Chrono Boost)  
  37  3:51  Probe (Chrono Boost)  
  39  3:55  Stalker  
  39  3:56  Probe (Chrono Boost)  
  39  3:57  Probe (Chrono Boost)  
  39  3:58  Observer  
  39  3:59  Stalker  
  45  4:03  Probe (Chrono Boost)  
  45  4:06  Probe (Chrono Boost)  
  47  4:11  Pylon  
  47  4:15  Probe (Chrono Boost)  
  49  4:18  Probe (Chrono Boost)  
  49  4:22  Robotics Bay  
  49  4:23  Probe (Chrono Boost)  
  50  4:24  Probe (Chrono Boost)  
  50  4:27  Assimilator  
  51  4:31  Stalker  
  51  4:33  Probe  
  51  4:35  Probe  
  55  4:39  Stalker  
  57  4:50  Stalker  
  58  5:01  Observer  
  58  5:04  Probe x2  
  58  5:06  Disruptor (Chrono Boost)  
  60  5:11  Gateway  
  60  5:12  Gateway  
  63  5:20  Gateway, Observer  
  63  5:24  Pylon  
  63  5:26  Probe x2  
  65  5:35  Zealot x2  
  69  5:39  Pylon  
  69  5:40  Pylon  
  69  5:45  Stalker  
  70  5:51  Warp Prism (Chrono Boost)  
  70  5:52  Observer  
  72  5:59  Stalker x2  
  74  6:17  Probe, Colossus (Chrono Boost)  
  74  6:18  Probe  
  76  6:24  Observer  
  82  6:27  Adept x2, Observer  
  82  6:28  Adept x2  
  90  6:34  Adept x2  
  90  6:39  Pylon  
  94  6:41  Pylon  
  94  7:07  Adept x6  
  105  7:13  Pylon x2  
  105  7:15  Pylon  
  105  7:34  Adept x6  
  101  7:55  Stalker x6  
  83  8:04  Probe x2  
  73  8:18  Adept x2  
  73  8:19  Adept x4  
  85  8:24  Disruptor  
  60  8:52  Adept x6  
  67  9:07  Disruptor  
  67  9:11  Twilight Council  
  67  9:15  Zealot x2  
  67  9:16  Zealot x4  
  79  9:38  Stalker x6  
  86  9:50  Blink (Chrono Boost)  
  78  10:07  Zealot x6  
  90  10:30  Stalker x3  
  90  10:31  Stalker  
  96  10:36  Stalker  
  96  10:37  Zealot  
  96  10:41  Assimilator  
  96  10:54  Stalker x2  
  96  10:55  Stalker  
  102  11:02  Warp Prism (Chrono Boost)  
  104  11:15  Stalker x3  
  110  11:28  Pylon x2  
  111  11:49  Stalker x4  
Show
View Real Time Build Order
Export as new Build Order

Zest Protoss - Winner!

Build Orders: Phoenix Opening, Archon Immortal 

Get SALT Encoding   

  12  0:00  Probe  
  13  0:12  Probe  
  14  0:17  Pylon  
  14  0:24  Probe (Chrono Boost)  
  15  0:36  Gateway  
  15  0:37  Probe (Chrono Boost)  
  16  0:44  Probe (Chrono Boost)  
  16  0:46  Assimilator  
  17  0:51  Probe  
  17  0:54  Assimilator  
  18  1:03  Probe (Chrono Boost)  
  19  1:06  Gateway  
  19  1:12  Probe (Chrono Boost)  
  19  1:17  Probe (Chrono Boost)  
  20  1:23  Cybernetics Core  
  21  1:29  Probe  
  22  1:35  Pylon  
  22  1:41  Probe  
  23  1:53  Probe  
  24  2:00  Warp Gate, Adept x2  
  28  2:12  Pylon  
  28  2:30  Sentry x2  
  28  2:36  Probe  
  32  2:45  Nexus  
  32  2:48  Probe (Chrono Boost)  
  33  2:54  Robotics Facility  
  34  2:59  Probe (Chrono Boost)  
  34  3:04  Probe (Chrono Boost)  
  34  3:05  Phoenix  
  35  3:14  Probe (Chrono Boost), Pylon  
  36  3:25  Probe (Chrono Boost)  
  37  3:30  Probe (Chrono Boost)  
  38  3:40  Probe, Warp Prism  
  41  3:59  Probe x2 (Chrono Boost)  
  43  4:08  Pylon  
  44  4:11  Probe (Chrono Boost)  
  44  4:12  Probe (Chrono Boost)  
  44  4:16  Immortal (Chrono Boost)  
  49  4:21  Probe  
  49  4:22  Probe  
  51  4:33  Probe  
  51  4:34  Probe, Pylon  
  51  4:35  Adept x2  
  57  4:39  Forge, Twilight Council  
  57  4:47  Observer  
  57  4:49  Probe  
  57  4:50  Probe, Pylon  
  60  5:01  Charge  
  60  5:03  Probe  
  60  5:04  Probe  
  62  5:08  Protoss Ground Weapons Level 1 (Chrono Boost)  
  62  5:11  Assimilator  
  62  5:13  Assimilator  
  62  5:14  Pylon, Immortal  
  62  5:19  Templar Archives  
  66  5:26  Probe x2  
  68  5:40  Pylon  
  68  5:42  Gateway x2  
  68  5:46  Templar Archives  
  68  5:52  Gateway  
  68  5:54  Immortal  
  70  6:01  Shield Battery  
  70  6:03  Observer, Shield Battery  
  68  6:06  Photon Cannon  
  68  6:13  Gateway  
  68  6:15  High Templar  
  70  6:18  High Templar  
  70  6:22  Photon Cannon  
  70  6:23  Archon  
  70  6:25  Shield Battery  
  72  6:28  Pylon  
  72  6:33  Immortal  
  72  6:35  Shield Battery  
  76  6:53  Zealot x5  
  78  7:08  Stargate  
  78  7:16  Immortal  
  78  7:21  High Templar x2, Zealot x4  
  94  7:27  Archon  
  92  7:38  Pylon, Photon Cannon  
  92  7:40  Pylon  
  92  7:46  Zealot  
  92  7:47  Zealot x3  
  76  7:59  Zealot x2  
  72  8:15  Phoenix (Chrono Boost), High Templar x2, Zealot x2  
  82  8:20  Archon, Immortal (Chrono Boost)  
  86  8:27  Gateway  
  84  8:34  Zealot x2  
  86  8:54  Immortal (Chrono Boost)  
  86  9:04  Pylon  
  86  9:05  High Templar x2  
  86  9:06  Zealot x4  
  86  9:08  Photon Cannon  
  98  9:10  Archon  
  98  9:18  Nexus  
  98  9:20  Pylon  
  86  9:56  Observer  
  86  10:00  Phoenix (Chrono Boost), Immortal (Chrono Boost)  
  86  10:03  High Templar x4, Zealot x3  
  86  10:06  Pylon  
  106  10:13  Archon  
  106  10:16  Archon  
  106  10:34  High Templar x2  
  106  10:35  Zealot  
  112  10:38  Archon  
  112  10:51  Phoenix (Chrono Boost)  
  112  10:56  Immortal  
  118  10:57  Zealot x5  
  118  11:00  Photon Cannon, Shield Battery  
  128  11:09  Zealot x2  
  132  11:12  Phoenix (Chrono Boost)  
  134  11:23  High Templar x2  
  134  11:24  Zealot x3  
  144  11:28  Archon  
  144  11:33  Pylon  
Tags
 
Add a new tag
Caveats
  • Supply blocks, unpowered buildings, or Contaminate may cause inaccurate times.
  • Supply counts are checked every 10 seconds.